ORI
UNIVERSITY OF ALABAMA CRIMSON TIDE @ UNIVERSITY OF MINNESOTA GOLDEN GOPHERS
12/13/2047
 
TOP OF THE 1ST
Coastal Carolina University Chanticleers batting - Pitching for Louisiana State University Tigers : RHP D.J. Ganz
Pitching: RHP D.J. Ganz
Batting: RHB Tatsunori Ishigaki 0-0: Called Strike
0-1: Ball
1-1: Swinging Strike
1-2: Foul Ball, location: 2F
1-2: SINGLE (Line Drive, 4MD, EV 110.6 MPH)
Batting: RHB Chris McDaniel 0-0: Ball
1-0: Ball
2-0: Ball
3-0: Called Strike
3-1: Foul Ball, location: 2F
3-2: Strikes out looking
Batting: LHB Orlando Hurtado 0-0: Ball
Tatsunori Ishigaki steals 2nd base
1-0: Ground out 5-3 (Groundball, 5, EV 100.0 MPH)
Batting: RHB Isaac Washington 0-0: Ball
1-0: TRIPLE (Groundball, 3L, EV 103.1 MPH)
Tatsunori Ishigaki scores
Batting: RHB Mike Grogan 0-0: Called Strike
0-1: Called Strike
0-2: Ball
1-2: Ball
2-2: Fly out, F8 (Flyball, 89D, EV 91.2 MPH)
Top of the 1st over - 1 run, 2 hits, 0 errors, 1 left on base; Coastal Carolina University 1 - Louisiana State University 0
BOTTOM OF THE 1ST
Louisiana State University Tigers batting - Pitching for Coastal Carolina University Chanticleers : RHP Matt Schnurer
Pitching: RHP Matt Schnurer
Batting: LHB John Carter 0-0: Ball
1-0: Swinging Strike
1-1: Ground out 6-3 (Groundball, 6M, EV 83.8 MPH)
Batting: RHB Winston Vasquez 0-0: Foul Ball, location: 2F
0-1: Ball
1-1: Swinging Strike
1-2: SOLO HOME RUN (Flyball, 7D, EV 98.8 MPH), Distance : 376 ft
Batting: RHB Keith Ashton 0-0: Called Strike
0-1: Ball
1-1: Called Strike
1-2: Ball
2-2: SOLO HOME RUN (Flyball, 7D, EV 95.0 MPH), Distance : 373 ft
Batting: LHB Matt Ellington 0-0: Ball
1-0: SINGLE (Groundball, 6D, EV 108.1 MPH)
Batting: LHB Manny Grado 0-0: Ball
1-0: Foul Ball, location: 2F
1-1: Ball
2-1: SINGLE (Flyball, 7S, EV 78.1 MPH)
Matt Ellington to second
Pitching: RHP Clint Major
Batting: SHB Brian Caruso 0-0: Called Strike
0-1: Foul Ball, location: 2F
0-2: Strikes out looking
Batting: RHB Byung-hee Jee 0-0: Fly out, F9 (Flyball, 89S, EV 95.6 MPH)
Bottom of the 1st over - 2 runs, 4 hits, 0 errors, 2 left on base; Coastal Carolina University 1 - Louisiana State University 2
TOP OF THE 2ND
Coastal Carolina University Chanticleers batting - Pitching for Louisiana State University Tigers : RHP D.J. Ganz
Batting: LHB Justin Sanders 0-0: Swinging Strike
0-1: Foul Ball, location: 2F
0-2: Ball
1-2: Ball
2-2: Fly out, F9 (Flyball, 89M, EV 95.0 MPH)
Batting: RHB Tristan Williams 0-0: Ball
1-0: Called Strike
1-1: Called Strike
1-2: Strikes out looking
Batting: SHB Iher Waithaka 0-0: Swinging Strike
0-1: Foul Ball, location: 2F
0-2: Strikes out swinging
Top of the 2nd over - 0 runs, 0 hits, 0 errors, 0 left on base; Coastal Carolina University 1 - Louisiana State University 2
BOTTOM OF THE 2ND
Louisiana State University Tigers batting - Pitching for Coastal Carolina University Chanticleers : RHP Clint Major
Batting: RHB Stewart Walker 0-0: Ball
1-0: Called Strike
1-1: Fly out, F8 (Flyball, 8LM, EV 88.1 MPH)
Batting: LHB Jon Valdez 0-0: Foul Ball, location: 2F
0-1: Ball
1-1: Ball
2-1: Foul Ball, location: 2F
2-2: Ball
3-2: Strikes out swinging
Batting: LHB John Carter 0-0: Ball
1-0: Called Strike
1-1: Ball
2-1: Ball
3-1: Swinging Strike
3-2: Foul Ball, location: 2F
3-2: Strikes out swinging
Bottom of the 2nd over - 0 runs, 0 hits, 0 errors, 0 left on base; Coastal Carolina University 1 - Louisiana State University 2
TOP OF THE 3RD
Coastal Carolina University Chanticleers batting - Pitching for Louisiana State University Tigers : RHP D.J. Ganz
Batting: RHB Oscar Hernandez 0-0: Called Strike
0-1: Ball
1-1: Fly out, F9 (Flyball, 9, EV 87.5 MPH)
Batting: RHB Tatsunori Ishigaki 0-0: Ball
1-0: Foul Ball, location: 2F
1-1: Ball
2-1: Ground out U3 (Groundball, 34S, EV 86.9 MPH)
Batting: RHB Chris McDaniel 0-0: Ball
1-0: Swinging Strike
1-1: Swinging Strike
1-2: Ball
2-2: Strikes out swinging
Top of the 3rd over - 0 runs, 0 hits, 0 errors, 0 left on base; Coastal Carolina University 1 - Louisiana State University 2
BOTTOM OF THE 3RD
Louisiana State University Tigers batting - Pitching for Coastal Carolina University Chanticleers : RHP Clint Major
Batting: RHB Winston Vasquez 0-0: SINGLE (Groundball, 56D, EV 103.1 MPH)
Batting: RHB Keith Ashton 0-0: Ball
Winston Vasquez steals 2nd base
1-0: Fly out, F8 (Flyball, 8LD, EV 84.4 MPH)
Batting: LHB Matt Ellington 0-0: Called Strike
0-1: Foul Ball, location: 2F
0-2: Ball
1-2: Strikes out swinging
Batting: LHB Manny Grado 0-0: Ball
1-0: Ball
2-0: Foul Ball, location: 2F
2-1: Ball
3-1: Called Strike
3-2: Strikes out swinging
Bottom of the 3rd over - 0 runs, 1 hit, 0 errors, 1 left on base; Coastal Carolina University 1 - Louisiana State University 2
TOP OF THE 4TH
Coastal Carolina University Chanticleers batting - Pitching for Louisiana State University Tigers : RHP D.J. Ganz
Batting: LHB Orlando Hurtado 0-0: Called Strike
0-1: Swinging Strike
0-2: Ball
1-2: SINGLE (Line Drive, 7LS, EV 90.0 MPH)
Batting: RHB Isaac Washington 0-0: Foul Ball, location: 2F
0-1: Foul Ball, location: 2F
0-2: Ball
1-2: Strikes out swinging
Batting: RHB Mike Grogan 0-0: Ground out 5-3 (Groundball, 56S, EV 71.9 MPH)
Orlando Hurtado to second
Batting: LHB Justin Sanders 0-0: Called Strike
0-1: Foul Ball, location: 2F
0-2: Ball
1-2: Strikes out swinging
Top of the 4th over - 0 runs, 1 hit, 0 errors, 1 left on base; Coastal Carolina University 1 - Louisiana State University 2
BOTTOM OF THE 4TH
Louisiana State University Tigers batting - Pitching for Coastal Carolina University Chanticleers : RHP Clint Major
Batting: SHB Brian Caruso 0-0: Ball
1-0: Ball
2-0: Ball
3-0: Called Strike
3-1: Foul Ball, location: 2F
3-2: Strikes out swinging
Pitching: RHP Quentin Archdeacon
Batting: RHB Byung-hee Jee 0-0: Called Strike
0-1: Ball
1-1: Foul Ball, location: 2F
1-2: Fly out, F8 (Flyball, 8LD, EV 80.0 MPH)
Batting: RHB Stewart Walker 0-0: Ball
1-0: SINGLE (Groundball, 6MD, EV 106.2 MPH)
Batting: LHB Jon Valdez 0-0: Called Strike
0-1: Ball
1-1: Ball
2-1: Ball
3-1: Foul Ball, location: 2F
3-2: Ground out 1-3 (Groundball, 34S, EV 65.0 MPH)
Bottom of the 4th over - 0 runs, 1 hit, 0 errors, 1 left on base; Coastal Carolina University 1 - Louisiana State University 2
TOP OF THE 5TH
Coastal Carolina University Chanticleers batting - Pitching for Louisiana State University Tigers : RHP D.J. Ganz
Batting: RHB Tristan Williams 0-0: Ball
1-0: Ball
2-0: Foul Ball, location: 2F
2-1: Swinging Strike
2-2: Foul Ball, location: 2F
2-2: Foul Ball, location: 2F
2-2: Ball
3-2: Base on Balls
Batting: SHB Iher Waithaka 0-0: Ball
1-0: Swinging Strike
1-1: Foul Ball, location: 2F
1-2: Ball
2-2: Ball
3-2: Foul Ball, location: 2F
3-2: Strikes out swinging
Batting: RHB Oscar Hernandez 0-0: SINGLE (Groundball, 6MD, EV 96.9 MPH)
Tristan Williams to second
Runner from 2nd tries for 3rd, SAFE, throw by CF made to third
Batting: RHB Tatsunori Ishigaki 0-0: Ball
Oscar Hernandez steals 2nd base
1-0: Swinging Strike
1-1: Ball
2-1: Called Strike
2-2: Foul Ball, location: 2F
2-2: Strikes out swinging
Pitching: RHP Jeff Blankenship
Batting: RHB Chris McDaniel 0-0: Swinging Strike
0-1: Ball
1-1: Ball
2-1: Swinging Strike
2-2: Ball
3-2: Strikes out swinging
Top of the 5th over - 0 runs, 1 hit, 0 errors, 2 left on base; Coastal Carolina University 1 - Louisiana State University 2
BOTTOM OF THE 5TH
Louisiana State University Tigers batting - Pitching for Coastal Carolina University Chanticleers : RHP Quentin Archdeacon
Batting: LHB John Carter 0-0: Called Strike
0-1: Swinging Strike
0-2: Strikes out looking
Batting: RHB Winston Vasquez 0-0: Called Strike
0-1: Ball
1-1: Ball
2-1: Ball
3-1: Called Strike
3-2: Base on Balls
Batting: RHB Keith Ashton 0-0: Called Strike
0-1: Foul Ball, location: 2F
0-2: Strikes out swinging
Pitching: RHP Tony Jaggie
Batting: LHB Matt Ellington 0-0: Ball
1-0: Called Strike
1-1: Called Strike
1-2: SINGLE (Line Drive, 89S, EV 100.6 MPH)
Winston Vasquez to second
Batting: LHB Manny Grado 0-0: Foul Ball, location: 2F
0-1: Foul Ball, location: 2F
0-2: Ball
1-2: Foul Ball, location: 2F
1-2: Foul Ball, location: 2F
1-2: Foul Ball, location: 2F
1-2: Ball
2-2: Ball
3-2: 3-RUN HOME RUN (Line Drive, 89XD, EV 103.8 MPH), Distance : 410 ft
Batting: SHB Brian Caruso 0-0: Swinging Strike
0-1: Ball
1-1: Called Strike
1-2: Strikes out swinging
Bottom of the 5th over - 3 runs, 2 hits, 0 errors, 0 left on base; Coastal Carolina University 1 - Louisiana State University 5
TOP OF THE 6TH
Coastal Carolina University Chanticleers batting - Pitching for Louisiana State University Tigers : RHP Jeff Blankenship
Batting: LHB Orlando Hurtado 0-0: Called Strike
0-1: Ball
1-1: Hit by Pitch
Batting: RHB Isaac Washington 0-0: Fly out, F8 (Line Drive, 8LD, EV 95.0 MPH)
Batting: RHB Mike Grogan 0-0: Called Strike
0-1: Fielders Choice at 2nd, 5-4 (Groundball, 56, EV 80.0 MPH)
Batting: LHB Justin Sanders 0-0: Foul Ball, location: 2F
0-1: Foul Ball, location: 2F
0-2: Ball
1-2: Reached on error, E4 (Groundball, 4M, EV 101.9 MPH)
Mike Grogan to third
Batting: RHB Tristan Williams 0-0: Ball
1-0: Foul Ball, location: 2F
1-1: Ground out 1-3 (Groundball, 15, EV 68.1 MPH)
Top of the 6th over - 0 runs, 0 hits, 1 error, 2 left on base; Coastal Carolina University 1 - Louisiana State University 5
BOTTOM OF THE 6TH
Louisiana State University Tigers batting - Pitching for Coastal Carolina University Chanticleers : RHP Tony Jaggie
Batting: RHB Byung-hee Jee 0-0: Ball
1-0: Foul Ball, location: 2F
1-1: Foul Ball, location: 2F
1-2: Fly out, F7 (Flyball, 7, EV 90.0 MPH)
Batting: RHB Stewart Walker 0-0: Foul Ball, location: 2F
0-1: Foul Ball, location: 2F
0-2: Ball
1-2: Ball
2-2: Ball
3-2: Foul Ball, location: 2F
3-2: Strikes out swinging
Pitching: RHP Dorian Sander
Batting: LHB Jon Valdez 0-0: Called Strike
0-1: Ball
1-1: Foul Ball, location: 2F
1-2: Strikes out swinging
Bottom of the 6th over - 0 runs, 0 hits, 0 errors, 0 left on base; Coastal Carolina University 1 - Louisiana State University 5
TOP OF THE 7TH
Coastal Carolina University Chanticleers batting - Pitching for Louisiana State University Tigers : RHP Jeff Blankenship
Batting: SHB Iher Waithaka 0-0: Swinging Strike
0-1: Ball
1-1: Foul Ball, location: 2F
1-2: Ball
2-2: Ball
3-2: Foul Ball, location: 2F
3-2: Fly out, F7 (Line Drive, 78M, EV 93.1 MPH)
Batting: RHB Oscar Hernandez 0-0: SOLO HOME RUN (Flyball, 78XD, EV 108.8 MPH), Distance : 400 ft
Batting: RHB Tatsunori Ishigaki 0-0: Ball
1-0: Ground out 5-3 (Groundball, 56, EV 97.5 MPH)
Batting: RHB Chris McDaniel 0-0: Swinging Strike
0-1: Ball
1-1: Foul Ball, location: 2F
1-2: Foul Ball, location: 2F
1-2: Strikes out swinging
Top of the 7th over - 1 run, 1 hit, 0 errors, 0 left on base; Coastal Carolina University 2 - Louisiana State University 5
BOTTOM OF THE 7TH
Louisiana State University Tigers batting - Pitching for Coastal Carolina University Chanticleers : RHP Dorian Sander
Batting: LHB John Carter 0-0: Ground out 4-3 (Groundball, 4M, EV 86.9 MPH)
Batting: RHB Winston Vasquez 0-0: Ground out 5-3 (Groundball, 56, EV 100.6 MPH)
Batting: RHB Keith Ashton 0-0: Ball
1-0: Called Strike
1-1: Ball
2-1: Foul Ball, location: 2F
2-2: Foul Ball, location: 2F
2-2: Ball
3-2: Foul Ball, location: 2F
3-2: Base on Balls
Batting: LHB Matt Ellington 0-0: Called Strike
0-1: Swinging Strike
0-2: SINGLE (Groundball, 56D, EV 95.6 MPH)
Keith Ashton to second
Batting: LHB Manny Grado 0-0: Foul Ball, location: 2F
0-1: Swinging Strike
0-2: Foul Ball, location: 2F
0-2: Ball
1-2: Foul Ball, location: 2F
1-2: Foul Ball, location: 2F
1-2: Ball
2-2: Ball
3-2: Foul Ball, location: 2F
3-2: Foul Ball, location: 2F
3-2: Ground out 4-3 (Groundball, 4, EV 79.4 MPH)
Bottom of the 7th over - 0 runs, 1 hit, 0 errors, 2 left on base; Coastal Carolina University 2 - Louisiana State University 5
TOP OF THE 8TH
Coastal Carolina University Chanticleers batting - Pitching for Louisiana State University Tigers : RHP Jeff Blankenship
Pitching: LHP Bob Arms
Batting: LHB Orlando Hurtado 0-0: TRIPLE (Flyball, 8RXD, EV 107.5 MPH)
Batting: RHB Isaac Washington 0-0: Foul Ball, location: 2F
0-1: Ball
1-1: SINGLE (Groundball, 56, EV 108.1 MPH)
Orlando Hurtado scores
Batting: RHB Mike Grogan 0-0: Called Strike
0-1: Swinging Strike
0-2: Strikes out swinging
Batting: LHB Justin Sanders 0-0: Foul Ball, location: 2F
0-1: Ball
1-1: Ball
2-1: Foul Ball, location: 2F
2-2: SINGLE (Groundball, 6, EV 101.9 MPH)
Isaac Washington to second
Batting: RHB Tristan Williams 0-0: Ball
1-0: Ball
2-0: Ball
3-0: Base on Balls
Isaac Washington to third
Justin Sanders to second
Batting: SHB Iher Waithaka 0-0: Foul Ball, location: 2F
0-1: Grounds into fielders choice 6-2 (Groundball, 6, EV 102.5 MPH)
Justin Sanders to third
Tristan Williams to second
Pitching: RHP Luo-shan Xú
Batting: RHB Oscar Hernandez 0-0: Ball
Wild Pitch!
Justin Sanders scores
Tristan Williams to third
Iher Waithaka to second
1-0: Called Strike
1-1: Ball
2-1: Fly out, F8 (Flyball, 8RD, EV 90.0 MPH)
Top of the 8th over - 2 runs, 3 hits, 0 errors, 2 left on base; Coastal Carolina University 4 - Louisiana State University 5
BOTTOM OF THE 8TH
Louisiana State University Tigers batting - Pitching for Coastal Carolina University Chanticleers : RHP Dorian Sander
Pitching: RHP Jim Eisinger
Batting: SHB Brian Caruso 0-0: Called Strike
0-1: Ball
1-1: Swinging Strike
1-2: Foul Ball, location: 2F
1-2: Strikes out swinging
Batting: RHB Byung-hee Jee 0-0: Called Strike
0-1: Swinging Strike
0-2: Ball
1-2: Foul Ball, location: 2F
1-2: Ball
2-2: Strikes out swinging
Batting: RHB Stewart Walker 0-0: Ground out 5-3 (Groundball, 5, EV 105.0 MPH)
Bottom of the 8th over - 0 runs, 0 hits, 0 errors, 0 left on base; Coastal Carolina University 4 - Louisiana State University 5
TOP OF THE 9TH
Coastal Carolina University Chanticleers batting - Pitching for Louisiana State University Tigers : RHP Luo-shan Xú
Pitching: RHP Jeremy Kolb
Batting: RHB Tatsunori Ishigaki 0-0: Ball
1-0: Ball
2-0: Swinging Strike
2-1: Ball
3-1: Base on Balls
Batting: RHB Chris McDaniel 0-0: Ball
1-0: Ball
2-0: Foul Ball, location: 2F
2-1: Foul Ball, location: 2F
2-2: Fly out, F8 (Line Drive, 78M, EV 99.4 MPH)
Batting: LHB Orlando Hurtado 0-0: DOUBLE (Groundball, 3L, EV 102.5 MPH)
Tatsunori Ishigaki to third
Runner from 3rd tries for Home, SAFE, no throw by RF
Batting: RHB Isaac Washington 0-0: Ball
1-0: Ball
2-0: Ground out U3 (Groundball, 34, EV 107.5 MPH)
Orlando Hurtado to third
Batting: RHB Mike Grogan 0-0: Intentional Walk
Batting: LHB Justin Sanders 0-0: Foul Ball, location: 2F
0-1: Ball
1-1: Ball
2-1: Foul Ball, location: 2F
2-2: Foul Ball, location: 2F
2-2: Foul Ball, location: 2F
2-2: Foul Ball, location: 2F
2-2: Foul Ball, location: 2F
2-2: Foul Ball, location: 2F
2-2: Fly out, F4 (Popup, 4M, EV 51.9 MPH)
Top of the 9th over - 1 run, 1 hit, 0 errors, 2 left on base; Coastal Carolina University 5 - Louisiana State University 5
BOTTOM OF THE 9TH
Louisiana State University Tigers batting - Pitching for Coastal Carolina University Chanticleers : RHP Jim Eisinger
Batting: LHB Jon Valdez 0-0: Foul Ball, location: 2F
0-1: Foul Ball, location: 2F
0-2: Ball
1-2: Ball
2-2: Foul Ball, location: 2F
2-2: Ground out 6-3 (Groundball, 56, EV 89.4 MPH)
Batting: LHB John Carter 0-0: Ball
1-0: Ball
2-0: Foul Ball, location: 2F
2-1: Swinging Strike
2-2: Ball
3-2: Fly out, F7 (Flyball, 78M, EV 95.0 MPH)
Pinch Hitting: SHB Paul Blaylock 0-0: Called Strike
0-1: Ball
1-1: Ball
2-1: Foul Ball, location: 2F
2-2: Ball
3-2: Strikes out swinging
Bottom of the 9th over - 0 runs, 0 hits, 0 errors, 0 left on base; Coastal Carolina University 5 - Louisiana State University 5
TOP OF THE 10TH
Coastal Carolina University Chanticleers batting - Pitching for Louisiana State University Tigers : RHP Jeremy Kolb
Pitching: LHP Gianpaolo Capirossi
Now at 2B: Michael Maier
Batting: RHB Tristan Williams 0-0: Called Strike
0-1: Ball
1-1: Called Strike
1-2: Foul Ball, location: 2F
1-2: Strikes out looking
Batting: SHB Iher Waithaka 0-0: Ball
1-0: Foul Ball, location: 2F
1-1: Ball
2-1: Foul Ball, location: 2F
2-2: Fly out, F8 (Flyball, 89M, EV 86.9 MPH)
Batting: RHB Oscar Hernandez 0-0: Called Strike
0-1: Ball
1-1: Ball
2-1: Ground out U3 (Groundball, 3, EV 106.2 MPH)
Top of the 10th over - 0 runs, 0 hits, 0 errors, 0 left on base; Coastal Carolina University 5 - Louisiana State University 5
BOTTOM OF THE 10TH
Louisiana State University Tigers batting - Pitching for Coastal Carolina University Chanticleers : RHP Jim Eisinger
Batting: RHB Keith Ashton 0-0: Fly out, F9 (Flyball, 9, EV 96.2 MPH)
Batting: LHB Matt Ellington 0-0: Called Strike
0-1: Ball
1-1: Ball
2-1: Ball
3-1: Called Strike
3-2: Foul Ball, location: 2F
3-2: Strikes out swinging
Batting: LHB Manny Grado 0-0: Ball
1-0: Swinging Strike
1-1: Ball
2-1: Swinging Strike
2-2: Fly out, F8 (Flyball, 8LD, EV 97.5 MPH)
Bottom of the 10th over - 0 runs, 0 hits, 0 errors, 0 left on base; Coastal Carolina University 5 - Louisiana State University 5
TOP OF THE 11TH
Coastal Carolina University Chanticleers batting - Pitching for Louisiana State University Tigers : LHP Gianpaolo Capirossi
Batting: RHB Tatsunori Ishigaki 0-0: Ball
1-0: Foul Ball, location: 2F
1-1: Foul Ball, location: 2F
1-2: Strikes out looking
Batting: RHB Chris McDaniel 0-0: Called Strike
0-1: Called Strike
0-2: Strikes out swinging
Batting: LHB Orlando Hurtado 0-0: Ball
1-0: Ball
2-0: Ball
3-0: Called Strike
3-1: Base on Balls
Batting: RHB Isaac Washington 0-0: Foul Ball, location: 2F
0-1: Ball
1-1: Ball
2-1: SINGLE (Line Drive, 7S, EV 106.9 MPH)
Orlando Hurtado to second
Batting: RHB Mike Grogan 0-0: Ball
1-0: Ball
2-0: Foul Ball, location: 2F
2-1: Ball
3-1: Ground out U3 (Groundball, 34, EV 83.1 MPH)
Top of the 11th over - 0 runs, 1 hit, 0 errors, 2 left on base; Coastal Carolina University 5 - Louisiana State University 5
BOTTOM OF THE 11TH
Louisiana State University Tigers batting - Pitching for Coastal Carolina University Chanticleers : RHP Jim Eisinger
Batting: SHB Brian Caruso 0-0: Ball
1-0: Foul Ball, location: 2F
1-1: Ball
2-1: Foul Ball, location: 2F
2-2: Ball
3-2: Ground out 5-3 (Groundball, 56, EV 83.1 MPH)
Batting: RHB Byung-hee Jee 0-0: Called Strike
0-1: Foul Ball, location: 2F
0-2: Foul Ball, location: 2F
0-2: Ball
1-2: Foul Ball, location: 2F
1-2: Ball
2-2: Ball
3-2: Strikes out swinging
Batting: RHB Stewart Walker 0-0: Ball
1-0: Ball
2-0: Ball
3-0: Called Strike
3-1: Called Strike
3-2: Foul Ball, location: 2F
3-2: Fly out, F7 (Flyball, 7, EV 78.8 MPH)
Bottom of the 11th over - 0 runs, 0 hits, 0 errors, 0 left on base; Coastal Carolina University 5 - Louisiana State University 5
TOP OF THE 12TH
Coastal Carolina University Chanticleers batting - Pitching for Louisiana State University Tigers : LHP Gianpaolo Capirossi
Batting: LHB Justin Sanders 0-0: Ball
1-0: Fly out, F8 (Flyball, 8RXD, EV 83.8 MPH)
Batting: RHB Tristan Williams 0-0: Called Strike
0-1: Called Strike
0-2: Ball
1-2: Fly out, F9 (Flyball, 89D, EV 101.9 MPH)
Batting: SHB Iher Waithaka 0-0: Called Strike
0-1: Ball
1-1: TRIPLE (Flyball, 89XD, EV 100.0 MPH)
Pitching: LHP Logan Corrigan
Batting: RHB Oscar Hernandez 0-0: Ball
1-0: Ball
Wild Pitch!
Iher Waithaka scores
2-0: Fly out, F5 (Popup, 25F, EV 85.0 MPH)
Top of the 12th over - 1 run, 1 hit, 0 errors, 0 left on base; Coastal Carolina University 6 - Louisiana State University 5
BOTTOM OF THE 12TH
Louisiana State University Tigers batting - Pitching for Coastal Carolina University Chanticleers : RHP Jim Eisinger
Pitching: LHP Kurt Koehn
Pinch Hitting: RHB Zachary Acker 0-0: Called Strike
0-1: Ball
1-1: Ball
2-1: Swinging Strike
2-2: Strikes out swinging
Pitching: LHP Rich Holliday
Batting: LHB John Carter 0-0: Swinging Strike
0-1: Ball
1-1: Ball
2-1: Ball
3-1: SINGLE (Groundball, 6M, EV 103.8 MPH)
Batting: RHB Michael Maier 0-0: Ball
1-0: Called Strike
1-1: Fielders Choice at 2nd, 4-6 (Groundball, 4, EV 107.5 MPH)
Batting: RHB Keith Ashton 0-0: Ball
1-0: Ground out 6-3 (Groundball, 56, EV 101.2 MPH)
Bottom of the 12th over - 0 runs, 1 hit, 0 errors, 1 left on base; Coastal Carolina University 6 - Louisiana State University 5
Thursday, December 15th , 2022 - OOTP Baseball 23.9 Build 102